 Dungeon Crawl Stone Soup version 0.29.1-2-gbd0b4ee654 (webtiles) character file.

Game seed: 9872883079155228189

143 fantasyman the Trooper (level 4, -1/38 HPs)
             Began as a Demigod Fighter on Nov 28, 2022.
             Slain by an orc priest
             ... wielding a +0 hand axe
              (3 damage)
             ... on level 2 of the Dungeon.
             The game lasted 00:06:04 (2890 turns).

fantasyman the Trooper (Demigod Fighter)            Turns: 2890, Time: 00:06:05

Health: -1/38      AC:  4    Str: 21    XL:     4   Next: 76%
Magic:  7/7        EV: 11    Int: 10    God:
Gold:   79         SH:  4    Dex: 13    Spells: 3/4 levels left

rFire   . . .      SeeInvis .   k - +0 staff of Battle
rCold   . . .      Faith    .   c - +0 buckler
rNeg    + . .      Spirit   .   r - +0 robe {rN+}
rPois   .          Reflect  .   o - +0 helmet
rElec   .          Harm     .   (no cloak)
rCorr   +          Rampage  .   m - +0 pair of gloves
Will    +....                   (no boots)
Stlth   +.........              (no amulet)
HPRegen 0.12/turn               j - ring of willpower
MPRegen 0.10/turn               f - ring of resist corrosion

@: attractive
A: high MP 1, forlorn, divine attributes
a: no special abilities


You were on level 2 of the Dungeon.
You visited 1 branch of the dungeon, and saw 3 of its levels.

You collected 79 gold pieces.

Inventory:

Hand Weapons
 a - a +0 war axe
 k - the +0 staff of Battle (weapon)
   (You acquired it on level 1 of the Dungeon)

   It enhances your conjuration magic.
   It summons a battlesphere in combat, with strength depending on Conjurations
   skill.
   Its strikes trigger the battlesphere's blasts.
 s - a +2 quarterstaff of speed
Missiles
 u - a throwing net
Armour
 b - a +0 scale mail
 c - a +0 buckler (worn)
 m - a +0 pair of gloves (worn)
 o - a +0 helmet (worn)
 r - a +0 robe of positive energy (worn)
Jewellery
 f - a ring of resist corrosion (right hand)
 j - a ring of willpower (left hand)
 n - a ring of protection from fire
Scrolls
 q - 2 scrolls of enchant weapon {unknown}
 t - a scroll of teleportation {unknown}
 w - a scroll of fear
 x - a scroll of identify {unknown}
 y - 3 scrolls of noise {unknown}
Potions
 d - a potion of might
 e - a potion of attraction
 g - 2 potions of degeneration {unknown}
 h - a potion of magic {unknown}
 i - a potion of ambrosia {unknown}
 l - a potion of mutation {unknown}
 p - 2 potions of resistance {unknown}
 v - a potion of lignification {unknown}
 z - a potion of heal wounds {unknown}


   Skills:
 + Level 3.5 Fighting
 - Level 2.0 Axes
 + Level 1.1 Staves
 - Level 3.0 Armour
 * Level 1.3 Dodging
 + Level 3.1 Shields
 * Level 0.7 Spellcasting
 * Level 1.0 Conjurations


You had 3 spell levels left.
You knew the following spells:

 Your Spells              Type           Power      Damage    Failure   Level
a - Magic Dart            Conj           12%        1d3       30%         1

Your spell library contained the following spells:

 Spells                   Type           Power      Damage    Failure   Level
 Static Discharge         Conj/Air       2%         3-4/arc   50%         2
 Call Imp                 Summ           0%         N/A       56%         2
 Mephitic Cloud           Conj/Pois/Air  1%         N/A       77%         3
 Lightning Bolt           Conj/Air       1%         1d12      100%        5
 Maxwell's Capacitive Co  Air            0%         ∞         100%        8


Dungeon Overview and Level Annotations

Branches:
Dungeon (3/15)


Innate Abilities, Weirdness & Mutations

You have an increased reservoir of magic. (+10% MP)
You shall have no god before yourself.
Your divine heritage dramatically boosts your attributes as you level up.


Message History

The barrage of energy hits the bat.
You kill the bat!
The orc priest hits you with a +0 hand axe.
You hit the orc priest.
The orc priest is lightly wounded.
Your battlesphere fires!
The barrage of energy hits the orc priest.
The orc priest is moderately wounded.
The goblin shoots a sling bullet.
The sling bullet hits you.
You hit the orc priest.
The orc priest is heavily wounded.
Your battlesphere fires!
The barrage of energy hits the goblin.
You kill the goblin!
The orc priest closely misses you. The orc priest hits you with a +0 club.
The orc priest hits you with a +0 hand axe.
The orc priest hits your battlesphere with a +0 hand axe.
Your battlesphere is destroyed!
You conjure a globe of magical energy.
The orc priest hits you with a +0 hand axe!
The orc priest invokes the aid of Beogh against you.
Beogh smites you!
* * * LOW HITPOINT WARNING * * *
There is a stone staircase leading up here.
The orc priest calls upon Beogh to heal the orc priest.
The orc priest is healed somewhat.
You hear some strange, mumbled words.
Something tries to affect you, but you resist.
The orc priest misses you.
You climb upwards.
Your summoned ally is left behind.
Your battlesphere wavers and loses cohesion.
Reactivating autopickup.
You conjure a globe of magical energy.
There is a stone staircase leading down here.
It was a potion of attraction.
You feel attractive to monsters. Something hits you but does no damage.
Deactivating autopickup; reactivate with Ctrl-A.
The orc priest hits you with a +0 hand axe.
You die...

..###.....####.#.........#.#
....+..........#.#########.#
..###.....######.# #.#
..'.+.....######.## #.#
..###.....##......# #<#
..<##.....##......# ###
#####.....##......#
#########.##...o..#
...........'....@o#
...######.##....*.# ....#
#.######.## #.#.# #÷# #.#
#'#.#####.# ###.#####
..........####.......#
...#######...........#
.....................#
.8#8.#####...........#


You could see 2 orc priests and a friendly battlesphere.

Vanquished Creatures
  A phantom (D:2)
  An adder (D:2)
  A worm (D:2)
  4 dart slugs
  2 orcs
  4 endoplasms
  A giant cockroach (D:2)
  2 goblins
  4 hobgoblins
  5 jackals
  3 quokkas (D:1)
  6 ball pythons
  6 bats
  2 frilled lizards
  2 kobolds (D:2)
  3 rats
47 creatures vanquished.

Notes
Turn   | Place    | Note
-------+----------+-------------------------------------------
     0 | D:1      | fantasyman the Demigod Fighter began the quest for the Orb.
     0 | D:1      | Reached XP level 1. HP: 18/18 MP: 3/3
   584 | D:1      | Reached XP level 2. HP: 11/25 MP: 4/4
   845 | D:1      | Identified a scroll of acquirement
   845 | D:1      | Acquired the +0 staff of Battle
   845 | D:1      | Found the +0 staff of Battle
  1676 | D:2      | Reached XP level 3. HP: 29/31 MP: 5/5
  1810 | D:2      | Learned a level 1 spell: Magic Dart
  2660 | D:3      | Noticed a phantom
  2709 | D:2      | Killed a phantom
  2710 | D:2      | Reached skill level 1 in Staves
  2710 | D:2      | Reached skill level 1 in Dodging
  2710 | D:2      | Reached skill level 1 in Conjurations
  2710 | D:2      | Reached XP level 4. HP: 29/38 MP: 5/7
  2890 | D:2      | Slain by an orc priest

Illustrated notes

Levels and vault maps discovered:
D:1:      heliophobic_arrival_battle_scene, layout_loops_ring,
          minmay_misc_feat_tower, minmay_vboxes
D:2:      layout_basic, basic_ecumenical_altar, minmay_statues_item,
          hangedman_decor_diamond_cutter, chequers_serial_rivers_room_b,
          chequers_serial_rivers_small_b, grunt_ministairs_2,
          grunt_decor_junction
D:3:      layout_rooms, old_standard_altar

Skill      XL: |  1  2  3 |
---------------+----------+-----
Fighting       | 3 |  3.5
Axes           | 2 |  2.0
Armour         | 3 |  3.0
Shields        | 3 |  3.1
Staves         | 1 |  1.1
Dodging        | 1 |  1.3
Conjurations   | 1 |  1.0
Spellcasting   | |  0.7

Action                   |  1- 3 |  4- 6 || total
-------------------------+-------+-------++-------
Melee: War axe           |    30 |       ||    30
       Staff             |    79 |     3 ||    82
Throw: Throwing net      |     2 |       ||     2
 Cast: Magic Dart        |       |     1 ||     1
  Use: Scroll            |     2 |       ||     2
       Potion            |       |     1 ||     1
Armor: Scale mail        |    38 |       ||    38
       Robe              |    19 |     2 ||    21
Dodge: Dodged            |    74 |     5 ||    79
Block: Buckler           |    36 |     2 ||    38
